Workbook

Sheet Transactions
A1: Date | B1: Amount | C1: Note | D1: Catergory in my chart of accounts | F1: My Chart of Accounts
A2: 43903 | B2: -34 | C2: ERGON ENERGY QUEENSL BRISBANE | D2: 2001 - Electricity Expense | F2: 1000 - Revenue
A3: 43903 | B3: -113.69 | C3: WOOLWORTHS W2587 PARK AVENUE | D3: 2003 - Grocheries Expense | F3: 1001 - Income - Wages
A4: 43903 | B4: -250 | C4: Loan Repayment LN REPAY 694544706 | D4: 2005 - Home loan expense | F4: 2000 - Expenses
A5: 43905 | B5: -36.5 | C5: WHISK TAPPAS PTY LTD YEPPOON | D5: 2007 - Eating out/Entertainment Expense | F5: 2001 - Electricity Expense
A6: 43905 | B6: -77.15 | C6: ALDI STORES - BRENDALE ALLENSTOWN | D6: 2003 - Grocheries Expense | F6: 2002 - Fuel expense
A7: 43905 | B7: -30.46 | C7: DOMINIC C DOBLO THE COMMON QLD | D7: 2003 - Grocheries Expense | F7: 2003 - Grocheries Expense
A8: 43908 | B8: 800 | C8: Direct Credit 342052 CAP | D8: 1001 - Income - Wages | F8: 2004 - Health Insurance expense
A9: 43908 | B9: 500 | C9: Direct Credit 342052 CAP | D9: 1001 - Income - Wages | F9: 2005 - Home loan expense
A10: 43908 | B10: -11.5 | C10: Hungry Jacks Rockhampton AUS | D10: 2007 - Eating out/Entertainment Expense | F10: 2006 - Home Insurance expense
A11: 43908 | B11: -69.86 | C11: WOOLWORTHS W2587 PARK AVENUE | D11: 2003 - Grocheries Expense | F11: 2007 - Eating out/Entertainment Expense
A12: 43909 | B12: -6.7 | C12: BOOST JUICE PTY LTD CHADSTONE VIC | D12: 2007 - Eating out/Entertainment Expense | F12: 3000 - Assets
A13: 43909 | B13: -13.04 | C13: DOMINIC C DOBLO THE COMMON QLD | D13: 2003 - Grocheries Expense | F13: 3001 - Cash in bank
... A15: 43910 | B15: -34 | C15: ERGON ENERGY QUEENSL BRISBANE | D15: 2001 - Electricity Expense | F15: 5000 - Equity
A16: 43910 | B16: -191.05 | C16: BUPA HI P T PHI MELBOURNE VIC | D16: 2004 - Health Insurance expense
A17: 43910 | B17: -250 | C17: Loan Repayment LN REPAY 694544706 | D17: 2005 - Home loan expense
A18: 43911 | B18: -18.8 | C18: CAPTAIN NEMO'S SUBMA ROCKHAMPTON QLD | D18: 2007 - Eating out/Entertainment Expense
A19: 43911 | B19: -87.62 | C19: ALDI STORES - BRENDALE ALLENSTOWN | D19: 2003 - Grocheries Expense
A20: 43912 | B20: -95.69 | C20: BP NORTH ROCKHAMPTON 7 ROCKHAMPTON QLD | D20: 2002 - Fuel expense
A21: 43912 | B21: -7.54 | C21: DOMINIC C DOBLO THE COMMON QLD | D21: 2003 - Grocheries Expense
A22: 43913 | B22: -100.76 | C22: ALLIANZ INSURE C6 SYDNEY NSW | D22: 2006 - Home Insurance expense
A23: 43914 | B23: -32.72 | C23: WOOLWORTHS W2587 PARK AVENUE | D23: 2003 - Grocheries Expense
A24: 43915 | B24: 800 | C24: Direct Credit 342052 CAP | D24: 1001 - Income - Wages
A25: 43915 | B25: 500 | C25: Direct Credit 342052 CAP | D25: 1001 - Income - Wages

Sheet PL
A1: Tahleetha Walters
A2: Income Statement
A3: For the month ended 31 March 2020
A5: INCOME | B5: $
A6: =Transactions!F3 -> 1001 - Income - Wages | B6: =Transactions!B8+Transactions!B9+Transactions!B24+Transactions!B25 -> 2600 | C6: =B6/$B$7 -> 1
A7: TOTAL INCOME | B7: =SUM(B6:B6) -> 2600 | C7: =B7/$B$7 -> 1
A9: EXPENSE | B9: $
A10: =Transactions!F5 -> 2001 - Electricity Expense | B10: =Transactions!B2+Transactions!B15 -> -68 | C10: =-B10/$B$7 -> 0.026153846
A11: =Transactions!F6 -> 2002 - Fuel expense | B11: =Transactions!B20 -> -95.69 | C11: =-B11/$B$7 -> 0.036803846
A12: =Transactions!F7 -> 2003 - Grocheries Expense | B12: =Transactions!B3+Transactions!B6+Transactions!B7+Transactions!B11+Transactions!B13+Transactions!B19+Transactions!B21+Transactions!B23 -> -432.08 | C12: =-B12/$B$7 -> 0.16618462
A13: =Transactions!F8 -> 2004 - Health Insurance expense | B13: =Transactions!B16 -> -191.05 | C13: =-B13/$B$7 -> 0.073480769
A14: =Transactions!F9 -> 2005 - Home loan expense | B14: =Transactions!B4+Transactions!B17 -> -500 | C14: =-B14/$B$7 -> 0.19230769
A15: =Transactions!F10 -> 2006 - Home Insurance expense | B15: =Transactions!B22 -> -100.76 | C15: =-B15/$B$7 -> 0.038753846
A16: =Transactions!F11 -> 2007 - Eating out/Entertainment Expense | B16: =Transactions!B5+Transactions!B10+Transactions!B12+Transactions!B14+Transactions!B18 -> -85.9 | C16: =-B16/$B$7 -> 0.033038462
A17: TOTAL EXPENSES | B17: =SUM(B10:B16) -> -1473.48 | C17: =-B17/$B$7 -> 0.56672308
A19: Profit / (Loss) for the period | B19: =B7+B17 -> 1126.52 | C19: =C7-C17 -> 0.43327692 | D19: =B19/B7 -> 0.43327692
